 Dungeon Crawl Stone Soup version 0.25-a0-842-g81a31cf (webtiles) character file.

Game seed: 66383046571655, levelgen mode: deterministic

35 Ayyar the Ducker (level 3, -2/28 HPs)
             Began as a Demonspawn Gladiator on Apr 24, 2020.
             Slain by a worm (8 damage)
             ... on level 3 of the Dungeon.
             The game lasted 00:03:13 (1303 turns).

Ayyar the Ducker (Demonspawn Gladiator)             Turns: 1303, Time: 00:03:13

Health: -2/28      AC:  4    Str: 15    XL:     3   Next: 17%
Magic:  3/3        EV: 13    Int:  9    God:
Gold:   105        SH:  0    Dex: 16    Spells: 2/2 levels left

rFire    . . .     SeeInvis .   a - +0 flail
rCold    . . .     Gourm    .   (no shield)
rNeg     . . .     Faith    .   b - +0 leather armour
rPois    .         Spirit   .   c - +0 helmet
rElec    .         Reflect  .   (no cloak)
rCorr    .         Harm     .   (no gloves)
MR       .....                  (no boots)
Stlth    +.........             (no amulet)
HPRegen  0.09/turn              (no ring)
MPRegen  0.08/turn              (no ring)

@: lethally poisoned (-2 -> -6), very slow
A: thin skeletal structure 1
a: no special abilities


You were on level 3 of the Dungeon.
You were not hungry.

You visited 1 branch of the dungeon, and saw 3 of its levels.

You collected 105 gold pieces.

Inventory:

Hand Weapons
 a - a +0 flail (weapon)
Missiles
 d - 3 throwing nets
 n - 20 poisoned darts (quivered)
Armour
 b - a +0 leather armour (worn)
 c - a +0 helmet (worn)
Scrolls
 e - 3 scrolls of identify {unknown}
 g - 2 scrolls of remove curse {unknown}
 i - a scroll of enchant weapon {unknown}
 j - a scroll of enchant armour {unknown}
 k - a scroll of blinking {unknown}
 p - a scroll of noise {unknown}
Potions
 h - 2 potions of lignification {unknown}
 l - a potion of degeneration {unknown}
 m - a potion of resistance {unknown}
 o - a potion of stabbing {unknown}
 r - a potion of mutation {unknown}
Comestibles
 f - 2 rations
 q - 3 chunks of flesh


   Skills:
 + Level 2.5 Fighting
 + Level 3.0 Maces & Flails
 + Level 2.2 Throwing
 + Level 3.0 Dodging


You had 2 spell levels left.
You didn't know any spells.
Your spell library was empty.

Dungeon Overview and Level Annotations

Branches:
Dungeon (3/15)

Altars:

Portals:
Sewer: D:3


Innate Abilities, Weirdness & Mutations

You have a somewhat thin skeletal structure. (Dex +2, Stealth)


Message History

Your surroundings suddenly seem different.
Splash!
You fall into the shallow water.
Moving in this stuff is going to be slow.
An adder, a rat and 3 worms come into view.
The adder hisses angrily.
The adder closely misses you. The adder misses you. The worm barely misses you.
The adder bites you.
You are poisoned.
The adder poisons you!
Found a glowing drain.
You miss the adder.
You feel sick. The adder barely misses you. The worm misses you.
You miss the adder.
You feel sick. The adder bites you. The worm bites you.
The worm splashes around in the water.
The adder bites you but does no damage. The worm bites you.
The adder barely misses you. The worm bites you!
* * * LOW HITPOINT WARNING * * *
The worm bites you!
You die...

.... ....
..... .....
g.....
......######
#..#≈≈≈≈#
#@wr≈#
#Sw≈≈#
#w≈≈≈+
#≈≈≈≈#
###### ..
###


You could see 3 worms, an adder, a hobgoblin (sleeping) and a rat.

Vanquished Creatures
  A worm (D:2)
  2 leopard geckos
  4 giant cockroaches (D:1)
  A goblin (D:1)
  3 hobgoblins (D:1)
  4 jackals
  4 kobolds
  3 bats
  A frilled lizard (D:2)
  4 rats
27 creatures vanquished.

Notes
Turn   | Place    | Note
-------+----------+-------------------------------------------
     0 | D:1      | Ayyar the Demonspawn Gladiator began the quest for the Orb.
     0 | D:1      | Reached XP level 1. HP: 16/16 MP: 1/1
   175 | D:1      | Gained mutation: You have a somewhat thin skeletal
                  | structure. (Dex +2, Stealth) [demonic ancestry]
   175 | D:1      | Reached XP level 2. HP: 19/22 MP: 2/2
  1052 | D:2      | Reached XP level 3. HP: 27/28 MP: 3/3
  1300 | D:3      | Found a glowing drain.
  1303 | D:3      | Slain by a worm

Levels and vault maps discovered:
D:1:      heliophobic_arrival_battle_scene, layout_loops_ring,
          minmay_fountain_box
D:2:      layout_rooms, first_ration
D:3:      layout_basic, portal_sewer_entry_c

Skill      XL: |  1  2 |
---------------+-------+-----
Throwing       | 2 |  2.2
Dodging        | 3 |  3.0
Maces & Flails | 3 |  3.0
Fighting       | |  2.5

Action                   || total
-------------------------++-------
Melee: Flail             ||    96
 Stab: Sleeping          ||     5
  Eat: Chunk             ||     1
Armor: Leather armour    ||    29
Dodge: Dodged            ||    83

Table legend:
 A = Non-vault XP
 B = Vault XP
 C = Vault XP percentage of total XP
 D = Non-vault monster count
 E = Vault monster count
 F = Vault count percentage of total count
                 A         B        C        D         E       F
            +---------+---------+-------+---------+---------+-------
      Total |      51 |       0 |   0.0 |      27 |       0 |   0.0
            +---------+---------+-------+---------+---------+-------
        D:1 |      31 |       0 |   0.0 |      17 |       0 |   0.0
        D:2 |      20 |       0 |   0.0 |      10 |       0 |   0.0
            +---------+---------+-------+---------+---------+-------
